 Dungeon Crawl Stone Soup version 0.22-a0-157-g169b76a (webtiles) character file.

789644 tilp the Merfolkian Porcupine (level 27, -8/238 (240) HPs)
             Began as a Merfolk Ice Elementalist on Feb 5, 2018.
             Was the Champion of the Shining One.
             Killed from afar by a hellion (37 damage)
             ... with damnation
             ... created by the effects of Hell
             ... on level 7 of the Iron City of Dis on Feb 8, 2018.
             The game lasted 07:18:17 (92471 turns).

tilp the Merfolkian Porcupine (MfIE)               Turns: 92471, Time: 07:18:18

HP:   -8/238 (240)  AC: 27    Str: 24    XL:     27
MP:   38/38         EV: 33    Int: 14    God:    the Shining One [******]
Gold: 3453          SH:  5    Dex: 27    Spells: 10/42 levels left

rFire    + + .     SeeInvis .   i - +9 bardiche (holy)
rCold    + + .     Gourm    .   (shield currently unavailable)
rNeg     + + +     Faith    .   t - +3 pearl dragon scales "Junn" {rPois rF+ rN+ Dex+7}
rPois    +         Spirit   .   y - +0 hat of the Enchanted Forest {rElec rCorr Slay+2 Stlth+}
rElec    +         Reflect  +   b - +2 cloak "Gaotek" {rF+ rC+}
rCorr    +         Harm     .   w - +2 pair of gloves of Xejony {*Corrode Regen+ Str+10 Int-4}
MR       ++++.                  m - +2 pair of boots {run}
Stlth    +.........             A - +5 amulet of reflection
HPRegen  0.89/turn              R - ring of protection from magic
MPRegen  0.26/turn              E - ring of Descent {rC+ MR+ AC+3 Dex+4 Stlth-}

@: glowing, quick
A: change form in water, swift swim, stealthy swim, fangs 1, yellow scales 1,
blurry vision 1, deformed body, dopey 1, mutation resistance 1, MP-powered wands
}: 5/15 runes: decaying, serpentine, slimy, silver, abyssal
a: Divine Shield, Cleansing Flame, Summon Divine Warrior, Renounce Religion


You were on level 7 of the Iron City of Dis.
You worshipped the Shining One.
The Shining One was exalted by your worship.
You were not hungry.

You visited 14 branches of the dungeon, and saw 66 of its levels.
You visited the Abyss 4 times.
You also visited: Labyrinth and Ice Cave.

You collected 8132 gold pieces.
You spent 4679 gold pieces at shops.

Inventory:

Hand Weapons
 i - a +9 bardiche of holy wrath (weapon)
Armour
 b - the +2 cloak "Gaotek" (worn) {rF+ rC+}
   (You found it on level 3 of the Abyss)

   It protects you from fire.
   It protects you from cold.
 m - a +2 pair of boots of running (worn)
 t - the +3 pearl dragon scales "Junn" (worn) {rPois rF+ rN+ Dex+7}
   (You bought it in a shop on level 8 of the Dungeon)

   It affects your dexterity (+7).
   It protects you from fire.
   It protects you from poison.
   It protects you from negative energy.
 w - the +2 pair of gloves of Xejony (worn) {*Corrode Regen+ Str+10 Int-4}
   (You found it in a labyrinth)

   It affects your strength (+10).
   It affects your intelligence (-4).
   It increases your rate of regeneration.
   It may corrode you when you take damage.
 y - the +0 hat of the Enchanted Forest (worn) {rElec rCorr Slay+2 Stlth+}
   (You found it on level 4 of the Dungeon)

   It affects your accuracy and damage with ranged weapons and melee attacks
   (+2).
   It insulates you from electricity.
   It protects you from acid and corrosion.
   It makes you more stealthy.
Jewellery
 k - an uncursed ring of wizardry
 p - the ring "Ycwas" {rN+ SInv}
   (You found it in a labyrinth)

   [ring of see invisible]

   It protects you from negative energy.
   It lets you see invisible.
 v - an uncursed ring of flight
 A - a +5 amulet of reflection (around neck)
 E - the ring of Descent (right hand) {rC+ MR+ AC+3 Dex+4 Stlth-}
   (You bought it in a shop on level 4 of the Depths)

   [ring of protection]

   It affects your AC (+3).
   It affects your dexterity (+4).
   It protects you from cold.
   It affects your resistance to hostile enchantments.
   It makes you less stealthy.
 R - a ring of protection from magic (left hand)
 T - an uncursed ring of protection from fire
 V - an uncursed ring of protection from magic
Wands
 a - a wand of enslavement (25)
 f - a wand of iceblast (28)
 B - a wand of polymorph (11)
 G - a wand of acid (62)
 N - a wand of disintegration (46)
 O - a wand of scattershot (7)
 P - a wand of digging (23)
 Z - a wand of paralysis (82)
Scrolls
 d - a scroll of enchant weapon
 g - 11 scrolls of teleportation
 h - a scroll of blinking
 n - 20 scrolls of remove curse
 r - 2 scrolls of magic mapping
 u - 15 scrolls of identify
 x - 7 scrolls of fog
 F - a scroll of summoning
 H - a scroll of brand weapon
 J - 4 scrolls of enchant armour
 L - 6 scrolls of fear
 U - 3 scrolls of amnesia
 W - 2 scrolls of silence
 X - a scroll of holy word
Potions
 e - 7 potions of might
 j - 17 potions of curing
 l - 5 potions of heal wounds
 q - 4 potions of magic
 s - 11 potions of haste
 z - 4 potions of berserk rage
 C - 10 potions of agility
 D - 10 potions of flight
 I - 6 potions of brilliance
 M - 2 potions of ambrosia
 Q - 2 potions of mutation
 S - 5 potions of cancellation
 Y - a potion of resistance
Miscellaneous
 K - 3 phantom mirrors
Comestibles
 c - 62 rations


   Skills:
 + Level 24.6 Fighting
 O Level 27 Polearms
 - Level 10.0 Armour
 - Level 24.0 Dodging
 - Level 4.0 Stealth
 - Level 8.0 Spellcasting
 - Level 10.0 Conjurations
 - Level 4.1 Hexes
 - Level 10.0 Charms
   Level 4.1 Necromancy
 - Level 24.0 Ice Magic
 - Level 12.0 Air Magic
 - Level 22.0 Invocations
 - Level 6.0 Evocations


You had 10 spell levels left.
You knew the following spells:

 Your Spells              Type           Power        Failure   Level  Hunger
f - Summon Butterflies    Summ           #.......     30%         1    None
g - Spectral Weapon       Hex/Chrm       ####....     4%          3    ##.....
h - Ozocubu's Refrigerat  Ice            ######....   1%          6    #######
i - Freezing Cloud        Conj/Ice/Air   #####.....   9%          6    #######
j - Bolt of Cold          Conj/Ice       ######....   4%          6    #######
k - Conjure Flame         Conj/Fire      ###.....     12%         3    ##.....
l - Apportation           Tloc           #.....       30%         1    None
m - Blink                 Tloc           N/A          43%         2    None
n - Swiftness             Chrm/Air       #####...     1%          2    None
o - Passwall              Tmut/Erth      #.........   43%         2    None


Dungeon Overview and Level Annotations

Branches:
Dungeon (15/15)            Temple (1/1) D:5            Lair (6/6) D:8
  Swamp (4/4) Lair:2        Snake (4/4) Lair:3        Slime (5/5) Lair:5
    Orc (2/2) D:12            Elf (3/3) Orc:2        Vaults (5/5) D:13
  Crypt (3/3) Vaults:2     Depths (5/5) D:15           Hell (1/1)
    Dis (7/7) Hell            Geh (0/7) Hell            Coc (0/7) Hell
    Tar (0/7) Hell            Zot (5/5) Depths:5
   Tomb: Crypt:3

Altars:
Ashenzari
Cheibriados
Dithmenos
Elyvilon
Fedhas
Gozag
Hepliaklqana
Kikubaaqudgha
Makhleb
Nemelex Xobeh
Okawaru
Qazlal
Ru
Sif Muna
Trog
Uskayaw
Vehumet
Wu Jian
Xom
Yredelemnul
Zin
The Shining One
Beogh
Jiyva

Shops:
D:7 %:(   D:8 [%[   D:12 [(   D:13 *   Orc:2 [(*[*[   Elf:1 (   Elf:3 ?
Vaults:2 (   Depths:4 }=}

Portals:
Hell: Depths:1 Depths:2 Depths:3 Depths:4 Depths:5
Abyss: Depths:4 Depths:5
Pandemonium: Depths:1 Depths:3
Ziggurat: Depths:1

Annotations:
Swamp:4 Lernaean hydra
Depths:2 Mara
Zot:5 1 exclusion


Innate Abilities, Weirdness & Mutations

You revert to your normal form in water.
You are very nimble and swift while swimming.
You are very stealthy in the water. (Stealth+)
You have very sharp teeth.
You are partially covered in yellow scales. (AC +2)
Scrolls take you a little longer to read.
Armour fits poorly on your strangely shaped body.
You are dopey. (Int -2)
You are somewhat resistant to further mutation.
You expend magic power (3 MP) to strengthen your wands.


Message History

You are struck by the Hell Sentinel's spines.
* * * LOW HITPOINT WARNING * * *
You slash the Hell Sentinel!
You kill the Hell Sentinel!
The Shining One accepts your kill.
You feel better. The reaper completely misses you.
The reaper hits you from afar with a scythe of flaming!!
* * * LOW HITPOINT WARNING * * *
The reaper burns you.
* * * LOW HITPOINT WARNING * * *
Attack whom?
Press: ? - help, Dir - move target cursor, f - reaper
Aim: a reaper, wielding a scythe of flaming (haloed)
You reach to attack!
You slice the reaper like a ripe choko!!!
The reaper convulses.
The reaper is heavily wounded.
The hellion gestures at you.
The sphere of damnation explodes!
The damnation engulfs you!
You die...

*,,,,,,,,*,,*,,,*,,,,,*,8,8,8,8
*,,,,,,,,*,,*,,,+,,,,,*,,,,,,,,
****,,,,,,,*,,*,,,+,,,,,*********
*,,**********************,,**,,**
,,,,,,,,,,,,,,,,,,,,,,,,,,,,,,,,,
,,,,,,,,,,,,,,,,,,,,,,,,,,,,,,,,,
,,,,,,,,,,,,,,,,,,,,,,,,,,,,,,,,,
***************#++#**************
#@.#
################..######*********
...............22.......,,,,,,,,,
...........2C.2.Z.......,,,,,,,,,
########################*********
###########**********************
...........,,,,,,,,,,,,,,,,,,,,,,
...........,,,,,,,,*+****,,*,,,,,


You could see 2 reapers, a hellion and an infernal demonspawn zombie.

Vanquished Creatures
  the Royal Jelly (Slime:5)
  An ancient lich (Abyss:3)
  2 orbs of fire
  2 juggernauts
  Sojobo (Depths:4)
  Saint Roka (Depths:3)
  4 curse toes
  2 Killer Klowns
  Geryon (Hell)
  A profane servitor (Abyss:2)
  8 golden dragons
  the Enchantress (Depths:4)
  4 bone dragons
  An electric golem (Zot:5)
  A Brimstone Fiend (Dis:3)
  22 tentacled monstrosities
  Jorgrun (Swamp:3)
  A hellephant (Hell)
  4 iron giants
  3 Hell Sentinels
  2 Orb Guardians (Zot:5)
  2 Ice Fiends
  Asterion (Depths:2)
  6 liches
  3 deep elf blademasters
  19 acid blobs
  10 quicksilver dragons
  2 deep elf master archers (Elf:3)
  4 titans
  4 Executioners
  7 death cobs
  4 tentacled starspawn (Abyss:3)
  Kirke (D:14)
  4 sphinxes
  7 ancient champions
  Gastronok (D:9)
  5 draconian monks (Zot:1)
  2 thorn hunters
  15 shadow dragons
  Roxanne (Elf:3)
  Donald (Snake:4)
  19 storm dragons
  9 tengu reavers
  The ghost of kuniqs the Sorcerer, an adept SpSu of Sif Muna (Elf:2)
  3 revenants
  5 ghost moths
  7 iron dragons
  14 azure jellies
  3 fire giants
  10 nagarajas
  10 deep elf sorcerers
  14 frost giants
  8 draconian knights
  The ghost of mhoghedin the Blocker, a journeyman DrWz of Sif Muna (Orc:2)
  5 draconian scorchers
  4 cacodemons
  A curse skull (Crypt:2)
  3 balrugs
  4 draconian stormcallers
  8 vault wardens
  5 spriggan defenders
  7 deep elf elementalists
  5 ghouls
  7 draconian shifters
  20 reapers
  6 draconian annihilators
  12 ironheart preservers
  5 war gargoyles
  14 stone giants
  12 very ugly things
  4 vampire knights
  7 deep elf demonologists
  The ghost of KristoblXynda the Carver, a journeyman DrGl of Gozag (D:15)
  9 black draconians
  14 green draconians
  7 deep elf annihilators
  3 lorocyprocas
  12 yellow draconians
  5 white draconians
  10 purple draconians
  14 red draconians
  3 spark wasps (Depths:3)
  11 deep elf death magi
  15 ettins
  3 eidola
  5 death oozes
  Josephine (Swamp:1)
  A quicksilver dragon zombie (Dis:2)
  12 fire dragons
  14 deep elf high priests
  6 blizzard demons
  The ghost of Daviar the Covert, a journeyman OpGl of Ashenzari (Lair:2)
  4 green deaths
  27 yaktaur captains
  7 great orbs of eyes
  9 jiangshi
  Harold (D:11)
  3 hell beasts
  4 ice dragons
  25 vault guards
  19 naga warriors
  15 hydras
  Erolcha (D:11)
  A juggernaut simulacrum (Depths:4)
  5 rakshasas
  2 ghost crabs (Swamp:4)
  3 catoblepae
  7 death knights
  12 anacondas
  11 centaur warriors
  7 spriggan air magi
  9 deep troll shamans
  9 alligators
  42 two-headed ogres
  35 dancing weapons
  13 ogre magi
  5 death yaks (Lair:6)
  16 tengu warriors
  A two-headed ogre (shapeshifter) (D:13)
  6 vampire magi
  15 small abominations
  11 deep troll earth magi
  14 naga sharpshooters
  17 thrashing horrors (Abyss:3)
  7 sun demons
  10 hell hogs
  13 shock serpents
  2 orc high priests
  A storm dragon zombie (Hell)
  A titan zombie (Dis:7)
  8 spriggan berserkers
  A titan skeleton (Hell)
  A fire crab (shapeshifter) (Depths:1)
  6 soul eaters
  6 wretched stars (Abyss:3)
  14 hell knights
  16 iron golems
  14 iron trolls
  24 deep elf knights
  2 golden dragon zombies
  An unseen horror (shapeshifter) (D:13)
  7 salamander mystics
  3 shadow wraiths
  2 sixfirhies
  2 spatial maelstroms (Abyss:3)
  5 unseen horrors
  A deep troll (shapeshifter) (Elf:3)
  A gelid demonspawn (Depths:1)
  53 skeletal warriors
  31 deep trolls
  4 flayed ghosts
  A quicksilver dragon simulacrum (Depths:3)
  3 wizards (Vaults:3)
  25 starcursed masses
  An orange crystal statue (Depths:1)
  A death drake (shapeshifter) (Vaults:5)
  A torturous demonspawn (Depths:1)
  3 glowing orange brains
  3 shambling mangroves (Swamp:4)
  An anaconda zombie (Dis:1)
  A shadow demon (Depths:1)
  8 swamp dragons
  A storm dragon skeleton (Vaults:4)
  A spriggan druid (Swamp:3)
  10 phantasmal warriors
  20 deep elf archers
  Pikel (D:8)
  4 lindwurms (Snake:4)
  8 naga ritualists
  8 necromancers
  A wolf spider zombie (Dis:1)
  A harpy (shapeshifter) (Vaults:3)
  2 orc sorcerers
  13 ironbrand convokers
  17 mana vipers
  An orb spider (shapeshifter) (Elf:3)
  72 deep elf magi
  7 wolf spiders
  3 harpies (D:13)
  5 fire giant zombies
  13 orc knights
  2 stone giant zombies
  2 frost giant zombies
  3 manticores
  14 salamanders
  4 oklob plants (Lair:2)
  2 draconians (Abyss:3)
  3 shining eyes
  23 ugly things
  2 worldbinders (Abyss:3)
  6 cyclopes
  23 moths of wrath
  Maurice (Orc:1)
  An alligator snapping turtle zombie (Crypt:1)
  4 dire elephant zombies
  49 rust devils
  3 iron dragon skeletons
  36 black mambas
  3 ice statues
  17 vault sentinels
  4 elephants (Lair:6)
  A shock serpent zombie (Hell)
  2 black mambas (shapeshifter)
  10 guardian serpents
  2 spiny frogs (shapeshifter)
  A stone giant skeleton (Hell)
  24 naga magi
  4 orange demons
  16 spiny frogs
  A catoblepas zombie (Dis:6)
  An eye of devastation (Slime:1)
  10 smoke demons
  A torpor snail (shapeshifter) (Depths:2)
  7 hellions
  A gargoyle (D:14)
  A kobold demonologist (D:13)
  13 rime drakes
  68 yaktaurs
  A yaktaur (shapeshifter) (D:15)
  A white draconian zombie (Crypt:1)
  10 tormentors
  7 komodo dragons
  4 efreet
  A merfolk (D:13)
  11 ice devils
  16 freezing wraiths
  7 tengu conjurers
  3 anaconda simulacra
  A harpy zombie (Dis:1)
  An iron troll zombie (Dis:1)
  2 hydra zombies (Hell)
  5 ancient zymes (Abyss:3)
  A meliai (shapeshifter) (Vaults:2)
  20 red devils
  A troll (shapeshifter) (D:13)
  A yaktaur skeleton (Vaults:4)
  6 trolls
  An iron troll skeleton (Crypt:1)
  8 tyrant leeches
  26 hornets
  2 wolf spider simulacra (IceCv)
  3 polar bears (Lair:5)
  17 blink frogs
  69 slime creatures
  21 large abominations
  29 raiju
  A shadow dragon simulacrum (Hell)
  8 bog bodies
  7 hippogriffs
  2 ettin zombies
  2 ice dragon zombies
  A snapping turtle (shapeshifter) (Depths:5)
  2 dream sheep (shapeshifter)
  A fire dragon skeleton (Abyss:3)
  A stone giant simulacrum (Vaults:4)
  An ice dragon skeleton (Hell)
  A satyr skeleton (Crypt:1)
  3 hydra skeletons (Hell)
  2 black mamba zombies
  13 spriggans
  12 flying skulls
  4 air elementals
  3 vampires (Vaults:2)
  27 wraiths
  17 shadows
  A tarantella (shapeshifter) (Vaults:3)
  11 water elementals
  An alligator skeleton (Crypt:2)
  A spriggan (shapeshifter) (Vaults:4)
  6 ynoxinuls
  A dire elephant simulacrum (IceCv)
  34 yaks
  4 wyverns
  4 basilisks
  21 humans
  2 hogs (D:14)
  7 golden eyes
  2 basilisks (shapeshifter)
  12 fire elementals
  A tyrant leech zombie (Crypt:2)
  6 steam dragons
  9 hungry ghosts
  7 vampire mosquitoes
  3 chaos spawn (Abyss:3)
  7 neqoxecs
  A human simulacrum (Vaults:1)
  18 swamp worms
  53 nagas
  2 spatial vortices (Abyss:3)
  4 iron troll simulacra (IceCv)
  A harpy simulacrum (IceCv)
  27 insubstantial wisps
  3 acid dragons
  10 wargs
  A spiny frog zombie (Hell)
  10 porcupines
  13 water moccasins
  7 hydra simulacra
  11 hell hounds
  4 phantoms
  A sky beast (shapeshifter) (Depths:2)
  A black bear (D:12)
  48 orc warriors
  4 ice beasts
  5 sky beasts
  2 slaves (D:8)
  4 spiny frog skeletons
  An alligator simulacrum (Hell)
  A dream sheep zombie (Crypt:2)
  6 necrophages
  12 swamp drakes
  5 eyes of draining
  An ogre (shapeshifter) (Vaults:5)
  11 wolves
  A swamp dragon zombie (Dis:3)
  2 ettin simulacra (Depths:3)
  36 ogres
  2 snapping turtle zombies
  24 centaurs
  14 boggarts
  12 crocodiles
  A salamander zombie (Crypt:1)
  A big kobold (shapeshifter) (Depths:3)
  3 big kobolds
  24 bullfrogs
  8 earth elementals
  A gnoll sergeant (Orc:1)
  A hippogriff skeleton (Crypt:2)
  7 scorpions
  9 killer bees
  An elephant simulacrum (IceCv)
  An orc simulacrum (Vaults:2)
  3 howler monkeys
  25 wights
  9 crimson imps
  2 bullfrog zombies
  2 draconian simulacra (IceCv)
  4 centaur zombies
  4 quasits
  8 centaur skeletons
  26 iron imps
  4 jellies
  19 orc wizards
  17 orc priests
  5 hounds
  A soldier ant zombie (Crypt:3)
  A gnoll shaman (D:4)
  Ijyb (D:5)
  2 iguanas (D:10)
  2 yak simulacra (Lair:2)
  2 spriggan simulacra (IceCv)
  9 worker ants
  2 troll simulacra (IceCv)
  A worker ant (shapeshifter) (Vaults:5)
  7 hell rats
  A killer bee zombie (D:10)
  5 polar bear simulacra
  3 wolf simulacra
  5 centaur simulacra (IceCv)
  An acid dragon skeleton (Crypt:2)
  A crocodile zombie (Crypt:2)
  A tengu zombie (Crypt:2)
  A hound skeleton (D:4)
  3 mummies
  2 howler monkey zombies
  3 howler monkey skeletons
  2 naga simulacra (IceCv)
  14 adders
  2 ogre simulacra (IceCv)
  7 shadow imps
  4 white imps
  8 ufetubi
  A worm zombie (Crypt:1)
  2 adder zombies
  An adder skeleton (D:9)
  2 worms
  A ball lightning (Zot:1)
  4 dart slugs
  4 leopard geckos
  102 orcs
  A bat skeleton (Crypt:1)
  4 giant cockroaches
  5 hobgoblins
  15 jackals
  20 kobolds
  6 quokkas
  A ball python (D:1)
  5 bats
  4 frilled lizards
  4 goblins
  A leopard gecko skeleton (Crypt:2)
  6 rats
  4 river rat simulacra (Lair:2)
  7 briar patches (Swamp:2)
  A butterfly (Lair:2)
  7 crawling corpses
  A lurking horror (Abyss:3)
  3 starspawn tentacles (Abyss:3)
3105 creatures vanquished.

Vanquished Creatures (collateral kills)
  A juggernaut (Depths:2)
  the Lernaean hydra (Swamp:4)
  Rupert (Lair:3)
  A tengu reaver (Depths:4)
  A fire giant (Depths:3)
  A cacodemon (Hell)
  2 deep elf elementalists (Elf:3)
  A draconian shifter (Zot:1)
  A stone giant (Orc:2)
  A very ugly thing (Depths:2)
  A deep elf demonologist (Elf:3)
  A spark wasp (Depths:3)
  A deep elf death mage (Elf:3)
  A minotaur (Lab)
  2 hydras
  A catoblepas (Lair:6)
  An alligator (Swamp:3)
  A tengu warrior (Depths:3)
  A hell hog (Hell)
  An orc high priest (Orc:2)
  A death yak (Lair:6)
  2 soul eaters (Hell)
  A storm dragon zombie (Hell)
  2 skeletal warriors (Hell)
  2 quicksilver dragon simulacra
  2 orc knights
  An orc sorcerer (Orc:2)
  A deep elf mage (Elf:1)
  An iron dragon zombie (Hell)
  An ugly thing (D:11)
  2 draconians (Abyss:3)
  2 elephants (Lair:6)
  A black mamba (Lair:5)
  A smoke demon (Hell)
  4 rust devils (Hell)
  A spiny frog (Lair:6)
  A freezing wraith (Hell)
  2 ice devils
  4 rime drakes (Lair:6)
  A tengu conjurer (Depths:3)
  A hellwing (Hell)
  A golden dragon simulacrum (IceCv)
  An ancient zyme (Abyss:3)
  A polar bear (Lair:5)
  A troll (D:12)
  A hippogriff (Lair:2)
  2 slime creatures (Swamp:3)
  A flying skull (Depths:3)
  A small abomination (Abyss:3)
  5 yaks
  A human (D:13)
  A steam dragon (D:10)
  A chaos spawn (Abyss:3)
  2 wargs
  A hell hound (Hell)
  A large abomination (Abyss:3)
  7 orc warriors
  An ettin simulacrum (Depths:3)
  An ogre (Orc:1)
  A crocodile (Lair:6)
  A wyvern zombie (D:12)
  A wight (D:11)
  A starcursed mass (Abyss:3)
  A hound (D:11)
  An iron imp (Abyss:3)
  3 orc priests
  An orc wizard (Orc:1)
  4 hell rats (Hell)
  16 orcs
  2 crawling corpses (Elf:3)
  2 fungi
120 creatures vanquished.

Vanquished Creatures (others)
  A death cob (Zot:4)
  A white draconian (Zot:1)
  A yellow draconian (Zot:1)
  A deep elf death mage (Crypt:2)
  A centaur warrior (Depths:1)
  A deep elf knight (Vaults:1)
  A deep elf archer (Elf:2)
  A deep elf mage (Elf:1)
  3 moths of wrath
  A yaktaur (Depths:1)
  A tyrant leech (Swamp:1)
  A raiju (Abyss:3)
  A ynoxinul (Abyss:3)
  2 humans (D:14)
  A fire elemental (Depths:1)
  An insubstantial wisp (Swamp:3)
  2 nagas (Snake:1)
  A hell hound (Dis:7)
  A swamp drake (Swamp:3)
  An ogre (Depths:1)
  A boggart (Vaults:2)
  A quasit (Abyss:3)
  2 briar patches (Swamp:2)
  A crawling corpse (Elf:3)
  21 fungi
  2 lurking horrors (Abyss:3)
  48 plants
  53 spectral weapons
  11 starspawn tentacles (Abyss:3)
164 creatures vanquished.

Grand Total: 3389 creatures vanquished

Notes
Turn   | Place    | Note
-------+----------+-------------------------------------------
     0 | D:1      | tilp the Merfolk Ice Elementalist began the quest for the Orb.
     0 | D:1      | Reached XP level 1. HP: 13/13 MP: 3/3
  1218 | D:1      | Reached XP level 2. HP: 18/19 MP: 0/5
  1222 | D:1      | Learned a level 2 spell: Throw Frost
  1814 | D:2      | Reached XP level 3. HP: 23/24 MP: 1/6
  2008 | D:2      | Reached skill level 5 in Ice Magic
  2262 | D:2      | Reached XP level 4. HP: 30/30 MP: 3/7
  2316 | D:2      | Learned a level 3 spell: Ozocubu's Armour
  2946 | D:3      | Found a faded altar of an unknown god.
  3031 | D:3      | Found a stormy altar of Qazlal.
  3364 | D:4      | Reached XP level 5. HP: 34/35 MP: 0/8
  3682 | D:4      | Got a slimy hat
  3738 | D:4      | Identified the cursed +0 hat of the Enchanted Forest {rElec rCorr Slay+2 Stlth+} (You found it on level 4 of the Dungeon)
  3880 | D:4      | Reached skill level 1 in Charms
  3905 | D:4      | Got a slimy robe
  3916 | D:4      | Identified the +1 robe "Oceczis" {Str+9} (You found it on level 4 of the Dungeon)
  4361 | D:4      | Noticed an ogre
  4501 | D:4      | Reached skill level 2 in Polearms
  4501 | D:4      | Reached XP level 6. HP: 41/41 MP: 3/9
  4669 | D:5      | Entered Level 5 of the Dungeon
  4716 | D:5      | Reached skill level 3 in Polearms
  4876 | D:5      | Reached skill level 4 in Polearms
  4980 | D:5      | Noticed a phantom
  5100 | D:5      | Found a staircase to the Ecumenical Temple.
  5110 | Temple   | Entered the Ecumenical Temple
  5186 | Temple   | Became a worshipper of Makhleb the Destroyer
  5314 | D:5      | Found a shadowy altar of Dithmenos.
  5785 | D:5      | Noticed Ijyb
  5833 | D:5      | Killed Ijyb
  5833 | D:5      | Reached skill level 5 in Polearms
  5985 | D:6      | Reached skill level 6 in Polearms
  5985 | D:6      | Reached XP level 7. HP: 20/46 MP: 10/10
  6175 | D:6      | Found an ornate altar of the Wu Jian Council.
  6529 | D:6      | Found a hide-covered altar of Uskayaw.
  6549 | D:6      | Found a shattered altar of Ashenzari.
  6549 | D:6      | Found a deep blue altar of Sif Muna.
  6549 | D:6      | Found a bloodstained altar of Trog.
  6562 | D:6      | Found a basalt altar of Yredelemnul.
  6565 | D:6      | Found a white marble altar of Elyvilon.
  6594 | D:6      | Found a hazy altar of Hepliaklqana.
  6856 | D:6      | Found a stormy altar of Qazlal.
  7037 | D:6      | Reached skill level 7 in Polearms
  7037 | D:6      | Reached XP level 8. HP: 49/60 MP: 11/11
  7062 | D:6      | Reached skill level 8 in Polearms
  7122 | D:6      | Found a glowing golden altar of the Shining One.
  7131 | D:6      | Reached * piety under Makhleb
  7397 | D:7      | Found Dehawania's Food Shop.
  7541 | D:7      | Found an opulent altar of Gozag.
  7561 | D:7      | Reached skill level 9 in Polearms
  7839 | D:7      | Found Amugumid's Weapon Shoppe.
  7888 | D:7      | Reached skill level 10 in Polearms
  8076 | D:7      | Found Saol's Book Boutique.
  8312 | D:8      | Reached skill level 11 in Polearms
  8486 | D:8      | Reached skill level 12 in Polearms
  8486 | D:8      | Reached XP level 9. HP: 45/63 MP: 12/12
  8924 | D:8      | Found Pyqaffec's Armour Boutique.
  9010 | D:8      | Found Duas's Food Shop.
  9069 | D:8      | Reached skill level 13 in Polearms
  9220 | D:8      | Noticed Pikel
  9253 | D:8      | Found Estroax Duna's Armour Boutique.
  9514 | D:8      | Found a sacrificial altar of Ru.
  9593 | D:8      | Found a staircase to the Lair.
  9772 | D:8      | Killed Pikel
  9772 | D:8      | Reached skill level 14 in Polearms
  9926 | D:9      | Noticed Gastronok
 10180 | D:9      | Reached skill level 5 in Dodging
 10516 | D:9      | Found an iron altar of Okawaru.
 10558 | D:9      | Reached XP level 10. HP: 67/69 MP: 13/13
 10600 | D:9      | Found a basalt altar of Yredelemnul.
 10633 | D:9      | Reached skill level 1 in Invocations
 11105 | D:9      | Reached ** piety under Makhleb
 11507 | D:10     | Entered Level 10 of the Dungeon
 11683 | D:10     | Reached skill level 5 in Invocations
 12191 | D:10     | Reached skill level 5 in Fighting
 12512 | D:10     | Reached *** piety under Makhleb
 12601 | D:10     | Noticed a two-headed ogre
 13396 | D:10     | Reached skill level 1 in Evocations
 13400 | D:10     | Reached XP level 11. HP: 52/86 MP: 15/15
 13738 | D:10     | Noticed a cyclops
 13864 | D:11     | Noticed Harold
 14208 | D:11     | Noticed Erolcha
 14487 | D:11     | Learned a level 3 spell: Regeneration
 14575 | D:11     | Noticed a two-headed ogre
 15339 | Lair:1   | Entered Level 1 of the Lair of Beasts
 15752 | Lair:1   | Noticed a four-headed hydra
 16217 | Lair:1   | Reached skill level 10 in Dodging
 17035 | Lair:2   | Found a staircase to the Swamp.
 17090 | Lair:2   | Reached skill level 1 in Conjurations
 17102 | Lair:2   | Reached skill level 1 in Necromancy
 17455 | Lair:2   | Noticed Daviar's ghost (journeyman OpGl)
 17500 | Lair:2   | Noticed an oklob plant
 17500 | Lair:2   | Noticed an oklob plant
 17500 | Lair:2   | Noticed an oklob plant
 17743 | Lair:2   | Killed Daviar's ghost
 17743 | Lair:2   | Reached XP level 12. HP: 83/92 MP: 12/16
 18345 | Lair:2   | Reached **** piety under Makhleb
 19299 | Lair:3   | Noticed Rupert
 20121 | Lair:3   | Found a staircase to the Snake Pit.
 21062 | Lair:4   | Reached skill level 15 in Polearms
 21719 | Lair:4   | Found a shimmering altar of Xom.
 22143 | Lair:4   | Reached skill level 10 in Fighting
 22394 | Lair:4   | Found a blossoming altar of Fedhas.
 22639 | Lair:5   | Found a viscous altar of Jiyva.
 22639 | Lair:5   | Found a staircase to the Slime Pits.
 22639 | Lair:5   | Noticed a catoblepas
 22902 | Lair:5   | HP: 3/97 [black mamba (5)]
 23488 | D:10     | Reached skill level 16 in Polearms
 23639 | D:10     | Reached XP level 13. HP: 103/103 MP: 16/19
 24048 | D:12     | Found Wisch's Armour Emporium.
 24049 | D:12     | Found a staircase to the Orcish Mines.
 24102 | D:12     | Reached skill level 17 in Polearms
 24147 | D:12     | Found Puireh's Weapon Emporium.
 24181 | D:12     | Bought a +0 cloak for 72 gold pieces
 24342 | Orc:1    | Entered Level 1 of the Orcish Mines
 24405 | Orc:1    | You fall through a shaft!
 24405 | Orc:2    | Entered Level 2 of the Orcish Mines
 25529 | Orc:1    | Noticed Maurice
 25719 | Orc:1    | Killed Maurice
 25727 | Orc:2    | Found a staircase to the Elven Halls.
 25759 | Orc:2    | Noticed a stone giant
 26131 | Orc:2    | Found Japtoyv's Armour Emporium.
 26218 | Orc:1    | Reached skill level 18 in Polearms
 27261 | Lair:6   | Entered Level 6 of the Lair of Beasts
 27276 | Lair:6   | Reached skill level 19 in Polearms
 27547 | Lair:6   | Noticed a fire dragon
 28581 | D:11     | Killed Harold
 28581 | D:11     | Reached skill level 20 in Polearms
 29390 | D:8      | Bought the +3 pearl dragon scales "Junn" {rPois rF+ rN+ Dex+7} for 1963 gold pieces
 29465 | Lair:1   | Learned a level 1 spell: Animate Skeleton
 29585 | Lair:6   | Killed a fire dragon
 29710 | Lair:6   | Reached XP level 14. HP: 110/110 MP: 20/20
 29962 | Lair:6   | Reached skill level 10 in Ice Magic
 30045 | Lair:6   | Reached skill level 5 in Charms
 30450 | Lair:6   | Reached skill level 1 in Armour
 30745 | Lair:6   | Got a slimy scale mail
 31882 | Lair:6   | Reached skill level 5 in Evocations
 32557 | Orc:2    | Noticed mhoghedin's ghost (journeyman DrWz)
 32661 | Orc:2    | Killed mhoghedin's ghost
 32927 | Orc:2    | Found Dozathryi's General Store.
 32927 | Orc:2    | Found Xonus's Antique Armour Emporium.
 32934 | Orc:2    | Bought a scroll of identify for 34 gold pieces
 33183 | Orc:2    | Found a roughly hewn altar of Beogh.
 33260 | Orc:2    | Killed a stone giant
 33468 | Orc:2    | Reached skill level 10 in Invocations
 33718 | Orc:2    | Found Ybus's General Store.
 33718 | Orc:2    | Found Zekioc's Antique Weapon Emporium.
 33941 | Orc:2    | Found Umua's Armour Boutique.
 34276 | Orc:2    | Found a burning altar of Makhleb.
 34363 | Orc:2    | Reached XP level 15. HP: 79/115 MP: 22/22
 35048 | D:12     | Identified the cursed +0 scale mail of Dice, Bag, and Bottle {Int+6} (You found it on level 6 of the Lair of Beasts)
 35567 | D:13     | Found Sietunuf's Island Escapes.
 36123 | D:13     | Reached ***** piety under Makhleb
 36222 | D:13     | Found a gate to the Vaults.
 36423 | D:14     | Found a labyrinth entrance.
 36448 | Lab      | Entered a labyrinth
 36956 | Lab      | Got a translucent lapis lazuli ring
 36956 | Lab      | Got a shimmering ivory ring
 36957 | Lab      | Got a pair of ancient gloves
 36975 | D:14     | Identified the +2 pair of gloves of Xejony {*Corrode Regen+ Str+10 Int-4} (You found it in a labyrinth)
 36977 | D:14     | Identified the ring "Sumnoemm" {*Tele Str+3} (You found it in a labyrinth)
 36979 | D:14     | Identified the ring "Ycwas" {rN+ SInv} (You found it in a labyrinth)
 37120 | D:14     | Noticed Kirke
 37133 | D:14     | Killed Kirke
 37201 | D:14     | Identified a scroll of acquirement
 37203 | D:14     | Got a pair of faintly glowing boots
 37214 | D:14     | Identified the +0 pair of boots "Kicu" {rPois} (You acquired it on level 14 of the Dungeon)
 37309 | D:14     | Reached skill level 5 in Spellcasting
 37374 | D:14     | Learned a level 1 spell: Summon Butterflies
 37850 | D:15     | Entered Level 15 of the Dungeon
 38158 | D:15     | Noticed KristoblXynda's ghost (journeyman DrGl)
 38181 | D:15     | Killed KristoblXynda's ghost
 38400 | D:15     | Reached XP level 16. HP: 126/126 MP: 25/25
 38403 | D:15     | Found a staircase to the Depths.
 38995 | D:12     | Bought a +0 bardiche of protection for 166 gold pieces
 39025 | Orc:2    | Bought a scroll of remove curse for 51 gold pieces
 39025 | Orc:2    | Bought a scroll of enchant weapon for 127 gold pieces
 39057 | Orc:2    | Bought a scroll of teleportation for 48 gold pieces
 39057 | Orc:2    | Bought a wand of paralysis (12) for 224 gold pieces
 39057 | Orc:2    | Bought a scroll of teleportation for 48 gold pieces
 39461 | Swamp:1  | Entered Level 1 of the Swamp
 39636 | Swamp:1  | Reached ****** piety under Makhleb
 39642 | Swamp:1  | Noticed a thorn hunter
 39658 | Swamp:1  | Killed a thorn hunter
 39763 | Swamp:1  | Noticed Josephine
 39769 | Swamp:1  | Killed Josephine
 40257 | Swamp:2  | Noticed a thorn hunter
 40274 | Swamp:2  | Killed a thorn hunter
 40896 | Swamp:3  | Reached skill level 21 in Polearms
 41060 | Swamp:3  | Noticed Jorgrun
 41131 | Swamp:3  | Killed Jorgrun
 41654 | Swamp:4  | Entered Level 4 of the Swamp
 41807 | Swamp:4  | Reached skill level 22 in Polearms
 41927 | Swamp:4  | Reached XP level 17. HP: 121/139 MP: 26/26
 41991 | Swamp:4  | Paralysed by a hornet for 1 turns
 42016 | Swamp:4  | Paralysed by a hornet for 3 turns
 42233 | Swamp:4  | Paralysed by a hornet for 1 turns
 42548 | Swamp:4  | Reached skill level 23 in Polearms
 42718 | Swamp:4  | Noticed the 27-headed Lernaean hydra
 42821 | Swamp:4  | Killed the 27-headed Lernaean hydra
 43170 | Swamp:4  | Got a decaying rune of Zot
 43248 | Swamp:4  | Upgraded the game from 0.22-a0-142-g91cc6d7 to 0.22-a0-147-gfdd7f25
 43462 | Snake:1  | Entered Level 1 of the Snake Pit
 43507 | Snake:1  | Reached skill level 24 in Polearms
 43904 | Snake:1  | Found a shimmering altar of Xom.
 44334 | Snake:2  | Reached skill level 25 in Polearms
 44643 | Snake:2  | Found a frozen archway.
 44683 | IceCv    | Entered an ice cave
 44708 | IceCv    | Reached XP level 18. HP: 146/146 MP: 27/27
 45248 | IceCv    | Noticed an Ice Fiend
 45258 | IceCv    | HP: 7/146 [iron troll simulacrum (28)]
 45674 | IceCv    | Killed an Ice Fiend
 45969 | IceCv    | Identified a +0 pair of boots of running (You found it in an ice cave)
 46093 | Snake:2  | Reached skill level 26 in Polearms
 46837 | Snake:3  | Found a basalt altar of Yredelemnul.
 47319 | Snake:3  | Found a runed door.
 47565 | Snake:4  | Entered Level 4 of the Snake Pit
 47671 | Snake:4  | Noticed Donald
 47701 | Snake:4  | Killed Donald
 48997 | Snake:4  | Reached XP level 19. HP: 152/152 MP: 30/30
 49069 | Snake:4  | Reached skill level 15 in Invocations
 50009 | Snake:4  | Got a serpentine rune of Zot
 50349 | D:7      | Bought a book of Battle for 640 gold pieces
 50353 | D:7      | Learned a level 3 spell: Spectral Weapon
 50551 | Vaults:1 | Entered Level 1 of the Vaults
 51333 | Vaults:1 | Noticed a Brimstone Fiend
 51448 | Vaults:1 | Noticed a Brimstone Fiend
 52613 | Vaults:2 | Found Hopsom's Weapon Shop.
 52633 | Vaults:2 | Reached skill level 1 in Hexes
 52645 | Vaults:2 | Reached XP level 20. HP: 159/159 MP: 33/33
 53494 | Vaults:2 | Paralysed by a great orb of eyes for 3 turns
 53502 | Vaults:2 | Reached skill level 10 in Charms
 53818 | Vaults:2 | Found a staircase to the Crypt.
 54698 | Vaults:3 | Cast into level 3 of the Abyss (a wizard)
 54698 | Abyss:3  | Found a corrupted altar of Lugonu.
 54829 | Vaults:3 | Escaped the Abyss
 55562 | Vaults:4 | Reached XP level 21. HP: 165/165 MP: 35/35
 55572 | Vaults:4 | Reached skill level 5 in Armour
 56845 | Vaults:5 | Entered Level 5 of the Vaults
 57198 | Elf:1    | Entered Level 1 of the Elven Halls
 57210 | Elf:1    | Reached skill level 15 in Dodging
 57534 | Elf:1    | Found Daga Bowasee's Antique Weapon Shop.
 58516 | Elf:2    | Reached skill level 15 in Fighting
 58659 | Elf:2    | Reached XP level 22. HP: 175/175 MP: 36/36
 58863 | Elf:2    | Found a runed gate.
 58863 | Elf:2    | Found a runed gate.
 59084 | Elf:2    | Found a runed gate.
 59729 | Elf:2    | Noticed kuniqs's ghost (adept SpSu)
 60178 | Elf:2    | Killed kuniqs's ghost
 60281 | Elf:3    | Entered Level 3 of the Elven Halls
 60338 | Elf:3    | Noticed Roxanne
 60744 | Elf:3    | Found Aceus's Magic Scroll Emporium.
 62101 | Elf:3    | Identified the Guide on Doomed Creation
 62106 | Elf:3    | Identified Padgh's Volume of Summoning and Envenoming
 62211 | Elf:3    | Got a distressingly furry scale mail
 62266 | Elf:3    | Identified the cursed +1 scale mail of Royalty {+Blink rElec rF+ Dex-2} (You found it on level 3 of the Elven Halls)
 62405 | Elf:3    | Cast into level 3 of the Abyss (a deep elf demonologist)
 62473 | Abyss:3  | Gained mutation: Scrolls take you a little longer to read. [a neqoxec]
 62655 | Elf:3    | Escaped the Abyss
 62770 | Elf:1    | Reached XP level 23. HP: 184/184 MP: 37/37
 62904 | Depths:1 | Entered Level 1 of the Depths
 63110 | Depths:1 | Found a one-way gate leading to the halls of Pandemonium.
 63322 | Depths:1 | Reached skill level 10 in Armour
 63462 | Depths:1 | Found the +6 arbalest "Damnation" {damnation}
 63631 | Depths:1 | Found a gateway to Hell.
 63732 | Depths:1 | Found a gateway to a ziggurat.
 64249 | Depths:2 | Noticed Asterion
 64274 | Depths:2 | Killed Asterion
 64280 | Depths:2 | Noticed a juggernaut
 64287 | Depths:2 | Killed a juggernaut
 64518 | Depths:2 | Reached skill level 5 in Conjurations
 64938 | Depths:2 | Reached XP level 24. HP: 191/191 MP: 37/37
 64991 | Depths:2 | Noticed Mara
 65002 | Depths:1 | Lost mutation: Scrolls take you a little longer to read. [potion of mutation]
 65002 | Depths:1 | Gained mutation: You have a somewhat thin skeletal structure. (Dex +2, Stealth) [potion of mutation]
 65002 | Depths:1 | Gained mutation: Your flesh is cold resistant. (rC+) [potion of mutation]
 65253 | Depths:3 | Noticed Saint Roka
 65268 | Depths:3 | Killed Saint Roka
 65476 | Depths:3 | Found an ornate altar of the Wu Jian Council.
 65487 | Depths:3 | Reached XP level 25. HP: 197/197 MP: 37/37
 65610 | Depths:3 | Identified the +1 ring mail of Calculation {Int+5} (You took it off a tengu warrior on level 3 of the Depths)
 65687 | Depths:3 | Found a hide-covered altar of Uskayaw.
 65714 | Depths:3 | Reached skill level 15 in Ice Magic
 65897 | Depths:3 | Found a shimmering altar of Xom.
 66216 | Depths:3 | Found a white marble altar of Elyvilon.
 66720 | Depths:3 | Identified the +1 buckler "Siterph" {rElec Dex+3} (You found it on level 3 of the Depths)
 66800 | Depths:3 | Identified the +11 demon blade of Deenayr {vamp, rElec rC+ Dex+2} (You took it off a tengu warrior on level 3 of the Depths)
 67527 | Depths:4 | Noticed a juggernaut
 67547 | Depths:4 | Killed a juggernaut
 67965 | Depths:4 | Found Yruowoemi's Gadget Shoppe.
 67965 | Depths:4 | Found Fagot's Jewellery Boutique.
 67966 | Depths:4 | Found Latutsus's Gadget Shoppe.
 67980 | Depths:4 | Bought the ring of Descent {rC+ MR+ AC+3 Dex+4 Stlth-} for 666 gold pieces
 68087 | Depths:4 | Noticed the Enchantress
 68106 | Depths:4 | Killed the Enchantress
 68152 | Depths:4 | Reached XP level 26. HP: 204/204 MP: 37/37
 68195 | Depths:4 | Identified the +6 faerie dragon scales {rC+ rCorr Str+3} (You took it off the Enchantress on level 4 of the Depths)
 68288 | Depths:4 | Noticed Sojobo
 68315 | Depths:4 | Killed Sojobo
 68415 | Depths:4 | Found a one-way gate to the infinite horrors of the Abyss.
 68696 | Depths:5 | Entered Level 5 of the Depths
 68727 | Depths:5 | Noticed a juggernaut
 68742 | Depths:5 | Killed a juggernaut
 69345 | Depths:5 | Found a gate to the Realm of Zot.
 70123 | D:14     | Learned a level 6 spell: Ozocubu's Refrigeration
 70130 | D:14     | Learned a level 6 spell: Freezing Cloud
 70137 | D:14     | Learned a level 6 spell: Bolt of Cold
 70320 | D:7      | Bought a book of Minor Magic for 320 gold pieces
 70320 | D:7      | Bought a book of Cantrips for 320 gold pieces
 70324 | D:7      | Learned a level 3 spell: Conjure Flame
 70326 | D:7      | Learned a level 1 spell: Apportation
 70329 | D:7      | Learned a level 2 spell: Blink
 70371 | D:9      | Killed Gastronok
 70518 | D:11     | Killed Erolcha
 71055 | Snake:3  | Identified the Collected Works on Augmentations and Dislocation
 71060 | Snake:3  | Learned a level 2 spell: Swiftness
 71211 | Lair:3   | Killed Rupert
 71759 | Depths:4 | Voluntarily entered the Abyss.
 71767 | Abyss:1  | Found a corrupted altar of Lugonu.
 71906 | Abyss:2  | Found a corrupted altar of Lugonu.
 72107 | Abyss:2  | Found a corrupted altar of Lugonu.
 72230 | Abyss:3  | Got a shimmering cloak
 72231 | Abyss:3  | Identified the +2 cloak "Gaotek" {rF+ rC+} (You found it on level 3 of the Abyss)
 72443 | Abyss:3  | Reached skill level 1 in Air Magic
 72814 | Abyss:3  | Reached XP level 27. HP: 191/210 MP: 38/38
 72898 | Abyss:3  | Found a shimmering altar of Xom.
 72899 | Abyss:3  | Found a shimmering altar of Xom.
 72899 | Abyss:3  | Found a shimmering altar of Xom.
 72899 | Abyss:3  | Found a corrupted altar of Lugonu.
 72900 | Abyss:3  | Found a shimmering altar of Xom.
 72901 | Abyss:3  | Found a shimmering altar of Xom.
 72901 | Abyss:3  | Found a shimmering altar of Xom.
 72901 | Abyss:3  | Found a shimmering altar of Xom.
 72901 | Abyss:3  | Found a shimmering altar of Xom.
 72901 | Abyss:3  | Found a shimmering altar of Xom.
 72901 | Abyss:3  | Found a shimmering altar of Xom.
 72902 | Abyss:3  | Found a shimmering altar of Xom.
 72902 | Abyss:3  | Found a shimmering altar of Xom.
 72902 | Abyss:3  | Found a shimmering altar of Xom.
 72902 | Abyss:3  | Found a shimmering altar of Xom.
 72962 | Abyss:3  | Found a shimmering altar of Xom.
 72967 | Abyss:3  | Gained mutation: You are dopey. (Int -2) [a neqoxec]
 72995 | Abyss:3  | Found a shimmering altar of Xom.
 72997 | Abyss:3  | Found a shimmering altar of Xom.
 72997 | Abyss:3  | Found a shimmering altar of Xom.
 72997 | Abyss:3  | Found a shimmering altar of Xom.
 72997 | Abyss:3  | Found a shimmering altar of Xom.
 72997 | Abyss:3  | Found a shimmering altar of Xom.
 72997 | Abyss:3  | Found a shimmering altar of Xom.
 72998 | Abyss:3  | Found a shimmering altar of Xom.
 72998 | Abyss:3  | Found a shimmering altar of Xom.
 72998 | Abyss:3  | Found a shimmering altar of Xom.
 73182 | Abyss:3  | Noticed an ancient lich
 73197 | Abyss:3  | Killed an ancient lich
 73200 | Abyss:3  | Paralysed by accursed screaming for 2 turns
 73207 | Abyss:3  | Paralysed by accursed screaming for 1 turns
 73363 | Abyss:3  | Got an abyssal rune of Zot
 73365 | Abyss:3  | Gained mutation: You tend to lose your temper in combat. [a cacodemon]
 73405 | Abyss:3  | Paralysed by accursed screaming for 1 turns
 73457 | Depths:4 | Escaped the Abyss
 73458 | Depths:4 | Lost mutation: You are dopey. (Int -2) [potion of mutation]
 73458 | Depths:4 | Lost mutation: You have a somewhat thin skeletal structure. (Dex +2, Stealth) [potion of mutation]
 73458 | Depths:4 | Lost mutation: Your flesh is cold resistant. (rC+) [potion of mutation]
 73458 | Depths:4 | Lost mutation: You tend to lose your temper in combat. [potion of mutation]
 73458 | Depths:4 | Gained mutation: Your mind is acute. (Int +2) [potion of mutation]
 73458 | Depths:4 | Gained mutation: You have very sharp teeth. [potion of mutation]
 74225 | Vaults:5 | Reached skill level 10 in Conjurations
 74541 | Vaults:5 | Identified Biegh's Reference Book on Boosting Ice
 74892 | Vaults:5 | Identified the +5 halberd of Udo Cyun {elec, rF+} (You took it off a vault warden on level 5 of the Vaults)
 75371 | Vaults:5 | Got a silver rune of Zot
 75376 | Vaults:5 | Learned a level 2 spell: Passwall
 76032 | D:6      | Fell from the grace of Makhleb
 76032 | D:6      | Became a worshipper of the Shining One
 76467 | Vaults:1 | You fall through a shaft!
 76526 | Crypt:1  | Entered Level 1 of the Crypt
 76559 | Crypt:1  | Reached * piety under the Shining One
 76602 | Crypt:1  | Reached ** piety under the Shining One
 76793 | Crypt:1  | Reached *** piety under the Shining One
 77119 | Crypt:1  | Reached **** piety under the Shining One
 77574 | Crypt:2  | Reached ***** piety under the Shining One
 77703 | Crypt:2  | Identified the +5 ring mail of Limitation {rCorr Int+2 Dex+2} (You found it on level 2 of the Crypt)
 78010 | Crypt:3  | Entered Level 3 of the Crypt
 78489 | Elf:3    | Killed Roxanne
 78490 | Elf:3    | Identified Roxanne's Grimoire of Transformation (You took it off Roxanne on level 3 of the Elven Halls)
 78719 | Hell     | Entered the Vestibule of Hell
 78720 | Hell     | Noticed Geryon
 78783 | Hell     | Gained mutation: You are agile. (Dex +2) [a cacodemon]
 78791 | Depths:1 | Gained mutation: You do not regenerate when monsters are visible. [a cacodemon]
 78795 | Depths:1 | Gained mutation: You are frail. (-10% HP) [a cacodemon]
 79021 | Depths:1 | Gained mutation: Scrolls take you a little longer to read. [a cacodemon]
 79026 | Depths:1 | Gained mutation: You are occasionally teleported next to monsters. [a cacodemon]
 79026 | Depths:1 | Lost mutation: You are agile. (Dex +2) [a cacodemon]
 79340 | Hell     | Killed Geryon
 79351 | Hell     | Reached skill level 27 in Polearms
 79398 | Hell     | Reached skill level 5 in Air Magic
 79456 | Hell     | Reached ****** piety under the Shining One
 79496 | Depths:1 | Identified a +9 bardiche of holy wrath (a +7 vampiric bardiche blessed by the Shining One)
 79496 | Depths:1 | Received a gift from the Shining One
 79703 | Hell     | Found a gateway to the decaying netherworld of Tartarus.
 79783 | Hell     | Found a gateway to the ashen valley of Gehenna.
 79828 | Hell     | Found a gateway to the Iron City of Dis.
 80016 | Hell     | Found a gateway to the freezing wastes of Cocytus.
 80101 | Depths:1 | Lost mutation: You are frail. (-10% HP) [potion of mutation]
 80101 | Depths:1 | Lost mutation: You have very sharp teeth. [potion of mutation]
 80101 | Depths:1 | Lost mutation: You do not regenerate when monsters are visible. [potion of mutation]
 80101 | Depths:1 | Gained mutation: Your spells are a little easier to cast, but a little less powerful. [potion of mutation]
 80101 | Depths:1 | Gained mutation: You evolve. [potion of mutation]
 80244 | Zot:1    | Entered Level 1 of the Realm of Zot
 81517 | Zot:1    | Was forgiven by Makhleb
 81794 | Zot:1    | Lost mutation: You are occasionally teleported next to monsters. [evolution]
 81832 | Zot:1    | Lost mutation: Your mind is acute. (Int +2) [potion of mutation]
 81832 | Zot:1    | Lost mutation: You evolve. [potion of mutation]
 81832 | Zot:1    | Gained mutation: Your mind is acute. (Int +2) [potion of mutation]
 81832 | Zot:1    | Gained mutation: You are partially covered in yellow scales. (AC +2) [potion of mutation]
 81832 | Zot:1    | Gained mutation: You are clumsy. (Dex -2) [potion of mutation]
 81832 | Zot:1    | Gained mutation: You have very sharp teeth. [potion of mutation]
 81833 | Zot:1    | Lost mutation: Scrolls take you a little longer to read. [potion of mutation]
 81833 | Zot:1    | Lost mutation: Your mind is acute. (Int +2) [potion of mutation]
 81833 | Zot:1    | Lost mutation: You are clumsy. (Dex -2) [potion of mutation]
 81833 | Zot:1    | Gained mutation: Armour fits poorly on your strangely shaped body. [potion of mutation]
 81833 | Zot:1    | Gained mutation: Your muscles are strong. (Str +2) [potion of mutation]
 81833 | Zot:1    | Gained mutation: Your mind is acute. (Int +2) [potion of mutation]
 81834 | Zot:1    | Lost mutation: Your spells are a little easier to cast, but a little less powerful. [potion of mutation]
 81834 | Zot:1    | Lost mutation: Your mind is acute. (Int +2) [potion of mutation]
 81834 | Zot:1    | Gained mutation: You expend magic power (3 MP) to strengthen your wands. [potion of mutation]
 81834 | Zot:1    | Gained mutation: You are somewhat resistant to further mutation. [potion of mutation]
 81835 | Zot:1    | Upgraded the game from 0.22-a0-147-gfdd7f25 to 0.22-a0-149-g870e420
 81876 | Zot:2    | Noticed an orb of fire
 82002 | Zot:1    | The Shining One protects you from harm!
 82005 | Zot:1    | The Shining One protects you from harm!
 82015 | Zot:1    | HP: 5/221 [purple draconian monk (14)]
 82015 | Zot:1    | HP: 1/221 [purple draconian monk (4)]
 83516 | Zot:2    | Killed an orb of fire
 85756 | Zot:4    | Identified the Papyrus of the Voyage
 86386 | Zot:5    | Entered Level 5 of the Realm of Zot
 86398 | Zot:5    | Noticed an orb of fire
 86409 | Zot:5    | Killed an orb of fire
 86676 | Zot:5    | Reached skill level 10 in Air Magic
 87443 | Slime:1  | Entered Level 1 of the Pits of Slime
 87888 | Slime:5  | Entered Level 5 of the Pits of Slime
 88094 | Slime:5  | Noticed the Royal Jelly
 88110 | Slime:5  | Killed the Royal Jelly
 88372 | Slime:4  | Gained mutation: Scrolls take you a little longer to read. [a shining eye]
 89003 | Slime:5  | Identified the cursed +0 helmet of Intercession {-Tele Str+4 Slay+3} (You found it on level 5 of the Pits of Slime)
 89016 | Slime:5  | Identified An Initiation to Casting
 89055 | Slime:5  | Got a slimy rune of Zot
 89068 | Slime:5  | Identified the +4 scale mail of the Alphagorgon {*Contam +Inv Str+9 Dex-2} (You found it on level 5 of the Pits of Slime)
 89088 | Slime:5  | Identified Sif Muna's Handbook of Lucky Translocation
 89096 | Slime:5  | Identified the +9 broad axe of Symmetry {chop, Str+3} (You found it on level 5 of the Pits of Slime)
 89110 | Slime:5  | Identified the +1 leather armour of Omission {rF+ MR+} (You found it on level 5 of the Pits of Slime)
 89404 | D:13     | Upgraded the game from 0.22-a0-149-g870e420 to 0.22-a0-157-g169b76a
 89551 | Dis:1    | Entered Level 1 of the Iron City of Dis
 89997 | Dis:2    | HP: 9/237 [iron giant/shadow (9)]
 90541 | Dis:3    | Cast into level 2 of the Abyss (reaper)
 90548 | Dis:3    | Escaped the Abyss
 90713 | Dis:4    | Gained mutation: You are dopey. (Int -2) [mutagenic glow]
 90790 | Dis:5    | Gained mutation: You tend to lose your temper in combat. [mutagenic glow]
 90951 | Dis:7    | Entered Level 7 of the Iron City of Dis
 90998 | Dis:7    | Lost mutation: You tend to lose your temper in combat. [potion of mutation]
 90998 | Dis:7    | Lost mutation: Your muscles are strong. (Str +2) [potion of mutation]
 92471 | Dis:7    | Killed from afar by a hellion

Vault maps used:
D:1:      shiori_arrival_elements, minmay_crystal_room
D:2:      grunt_ministairs_11
D:3:      serial_curves, eino_curves_03, eino_curves_02, eino_curves_02,
          eino_curves_04, first_ration, chequers_ecumenical_altar_island,
          grunt_qazlal_clouds
D:4:      minmay_wonky_spiral, corner_web_ring, minmay_divided_ellipse
D:5:      grunt_dithmenos_smoke, minmay_temple_entry_glassed_door, uniq_ijyb
D:6:      lemuel_crystal_altar, minmay_overflow_temple_hex,
          nicolae_overflow_crystal_walls, eat_drink_and_be_merry_uskayaw,
          kennysheep_mini_moat
D:7:      nicolae_gozag_cash_rules_everything_around_me, serial_shops, shop,
          nicolae_shop_competitors_out_of_business, shop
D:8:      lemuel_round_altar, lair_entry_dummy, serial_shops,
          kennysheep_little_box, shop, shop, uniq_pikel
D:9:      basic_altar, okawaru_trees_2, uniq_gastronok
D:10:     kennysheep_windowed_halls
D:11:     uniq_harold, uniq_erolcha
D:12:     orc_david_3
D:13:     grunt_vaults_entry_tiered, hangedman_fish_farm, nicolae_island_escapes
D:14:     lab_entry_generic, item_on_display_a, uniq_kirke
D:15:     grunt_enter_depths_snipers, minivault_23, minmay_misc_feat_alley
Temple:   nicolae_temple_figure_zero
Lair:2:   swamp_mist, serial_bayou_pond_e, eino_house_with_fridge,
          lemuel_fruit_fields, minmay_lair_oklob_chamber
Lair:3:   minmay_snake_entry_guardpost_medium, uniq_rupert
Lair:4:   wad_woods_stonehenge, basic_altar, serial_bayou_shore_b,
          serial_bayou_shore_a
Lair:5:   slime_altar_1, cheibrodos_lair_lostbears, infiniplex_staircase_pool_2,
          grunt_megastairs_3
Lair:6:   evilmike_catoblepas_cave, bobbens_dragon_lair_wall, lemuel_fruit_tree
Swamp:1:  evilmike_swamp_ruin_house_2, infiniplex_staircase_pool, uniq_josephine
Swamp:2:  nicolae_swamp_trees_clearing
Swamp:3:  evilmike_swamp_ruin_house_5, uniq_jorgrun
Swamp:4:  swamp_old_school
Snake:1:  basic_altar
Snake:2:  portal_ice_cave_entry_pillars_1
Snake:3:  basic_altar, special_room, lightli_airlock
Snake:4:  snake_pit_salamanders_mu, uniq_donald
Slime:4:  nicolae_slime_pool
Orc:1:    sword_in_stone, uniq_maurice
Orc:2:    st_orc_town, serial_shops, shop, shop,
          nicolae_volcano_entry_lava_flow, bloody_makhleb
Elf:1:    serial_shops, nicolae_shop_waterfront, minivault_28,
          hangedman_elf_targetted_burst, minivault_28
Elf:2:    grunt_ministairs_9
Elf:3:    elf_hall, serial_shops, shop, lemuel_flamethrower_2, uniq_roxanne
Vaults:1: nicolae_vaults_stairing_the_circle, v_misc_25, ontoclasm_vaults_eye,
          vaults_standard_mumra_enter_the_diamond, st_lines,
          vaults_room_corners, hangedman_vaults_pinch,
          nicolae_vaults_mini_display_case
Vaults:2: ontoclasm_vaults_pinch, vaults_room_door_hall, nicolae_vaults_theta,
          nicolae_vaults_rhombus_6, minmay_crypt_entry_vampire_xt,
          grunt_vaults_swirl, grunt_vaults_twisty, nicolae_vaults_gold_heap,
          v_misc_8, nicolae_vaults_display_case, v_pattern_2,
          hangedman_vaults_trim, grunt_vaults_funnel, ontoclasm_vaults_twist,
          serial_shops, nicolae_shop_stone
Vaults:3: nicolae_vaults_specimen_jars, v_misc_2, ontoclasm_vaults_gallery,
          vaults_mumra_chevron, v_rooms_6, nicolae_vaults_triangles,
          nicolae_vaults_inception_scallops, hangedman_vaults_restitches,
          v_pattern_4, v_misc_19, v_misc_3, v_misc_17
Vaults:4: nicolae_vaults_arrows, st_spiral_rooms, vaults_room_fancy_cross,
          v_alt_pattern_2, v_pattern_1, hangedman_vaults_maws,
          vaults_mumra_hexcomb, nicolae_vaults_network_square, vaults_room_grid,
          vaults_room_large_hall, vaults_room_semicircle, vaults_dpeg_cross
Vaults:5: serial_shops
Crypt:1:  minmay_misc_feat_cross, hex_intersection, grunt_ministairs_11,
          roderic_lattice_octagonal_star
Crypt:3:  david_glass_crypt, tomb_entry_shell_bobbens
Depths:1: enter_ziggurat_b, grunt_pan_entry_zigzag, hell_entry,
          nicolae_two_hexagons, minivault_16, minmay_misc_feat_columns,
          kennysheep_generic_room_10
Depths:2: minmay_glassy_protrusions, grunt_hell_entry_dis_old,
          hangedman_decor_growths, minmay_misc_feat_chi, uniq_asterion,
          uniq_mara
Depths:3: grunt_profane_halls, hell_entry, serial_shops, pan_entry,
          uniq_saint_roka
Depths:4: evilmike_cross, abyss_entry, grunt_mini_vestibule,
          infiniplex_staircase_9_rooms, serial_bayou_shore_b,
          basic_stair_grate_trap, minmay_shop_grove, uniq_sojobo,
          uniq_enchantress
Depths:5: grunt_x_marks_the_spot, serial_glass, glass_columns_c,
          glass_columns_c, abyss_entry, hangedman_coc_ice_floe,
          grunt_megastairs_5
Dis:1:    hangedman_dis_monolith
Dis:3:    grunt_dis_stairs_iron_hall
Dis:7:    iron_city_of_dis
Zot:1:    grunt_megastairs_2
Zot:4:    kennysheep_oblong_rooms
Abyss:1:  evilmike_abyss_exit_7
Abyss:2:  evilmike_abyss_exit_5, hangedman_classic_abyss_death,
          hangedman_abyss_or_decor_clamps
Abyss:3:  doesnt_abyss_rune_brain_food, hangedman_abyss_monster_moat,
          grunt_abyss_rune_wretched_hive, hangedman_stitches_earthworm,
          evilmike_nicolae_abyss_rune_betentacled_crabyss
Lab:      labyrinth_hidden_loot, nicolae_lab_starburst, lab_hedge,
          labyrinth_glass_1, nicolae_lab_lava, nicolae_lab_hexagon
IceCv:    ice_cave_caverns_03

Skill      XL: |  1  2  3  4  5  6  7  8  9 10 11 12 13 14 15 16 17 18 19 20 21 22 23 24 25 26 27 |
---------------+----------------------------------------------------------------------------------+-----
Ice Magic      | 4 5 6 8 9 10 13 14 16 24 | 24.0
Charms         | 2 4 6 8 10 | 10.0
Polearms       | 2 6 7 12 14 16 20 22 25 26 27 | 27.0
Fighting       | 4 8 10 11 14 15 16 24 | 24.6
Stealth        | 4 |  4.0
Dodging        | 6 10 11 14 16 20 24 | 24.0
Invocations    | 6 8 10 14 18 20 21 22 | 22.0
Evocations     | 2 4 6 |  6.0
Conjurations   | 2 6 10 | 10.0
Necromancy     | 2 4 |  4.1
Spellcasting   | 4 6 8 |  8.0
Armour         | 4 8 10 | 10.0
Hexes          | 1 4 |  4.1
Air Magic      | 4 12 | 12.0

Action                   |  1- 3 |  4- 6 |  7- 9 | 10-12 | 13-15 | 16-18 | 19-21 | 22-24 | 25-27 || total
-------------------------+-------+-------+-------+-------+-------+-------+-------+-------+-------++-------
Melee: Dagger            |    30 |     4 |       |       |       |       |       |       |       ||    34
       Whip              |       |    98 |   219 |       |       |       |       |       |       ||   317
       Trident           |       |       |    83 |  1124 |   149 |       |       |       |       ||  1356
       Halberd           |       |       |       |       |  1036 |       |       |       |       ||  1036
       Glaive            |       |       |       |       |   594 |   813 |       |       |       ||  1407
       Tailslap          |       |       |       |       |       |    26 |       |     1 |       ||    27
       Bardiche          |       |       |       |       |       |   953 |  1866 |  1342 |  4850 ||  9011
       Bite              |       |       |       |       |       |       |       |       |   680 ||   680
Throw: Stone             |     1 |       |       |       |       |       |       |       |       ||     1
 Cast: Freeze            |    47 |    51 |    41 |   181 |    45 |     5 |       |       |       ||   370
       Throw Frost       |       |    25 |    29 |    81 |    12 |     1 |       |       |       ||   148
       Ozocubu's Armour  |       |     4 |    17 |    67 |    41 |       |       |       |       ||   129
       Regeneration      |       |       |       |       |     4 |    27 |    16 |    15 |    36 ||    98
       Spectral Weapon   |       |       |       |       |       |       |    14 |    10 |    88 ||   112
       Summon Butterflie |       |       |       |       |       |       |       |     1 |    14 ||    15
       Blink             |       |       |       |       |       |       |       |       |     7 ||     7
       Ozocubu's Refrige |       |       |       |       |       |       |       |       |     6 ||     6
       Bolt of Cold      |       |       |       |       |       |       |       |       |     2 ||     2
       Swiftness         |       |       |       |       |       |       |       |       |     2 ||     2
       Freezing Cloud    |       |       |       |       |       |       |       |       |     1 ||     1
Invok: Minor Destruction |       |       |       |     5 |    22 |       |       |       |       ||    27
       Lesser Servant of |       |       |       |     4 |    53 |    26 |       |       |       ||    83
       Major Destruction |       |       |       |     1 |     5 |    10 |       |     1 |     2 ||    19
       Greater Servant o |       |       |       |       |       |       |     2 |     3 |    10 ||    15
       Summon Divine War |       |       |       |       |       |       |       |       |     7 ||     7
       Divine Shield     |       |       |       |       |       |       |       |       |     2 ||     2
       Cleansing Flame   |       |       |       |       |       |       |       |       |     1 ||     1
       Brand Weapon With |       |       |       |       |       |       |       |       |     1 ||     1
 Abil: Evoke Berserk Rag |       |       |       |     3 |     1 |       |       |       |       ||     4
Evoke: Wand              |       |       |       |     1 |     3 |       |       |       |    13 ||    17
       Phantom mirror    |       |       |       |       |       |     1 |       |       |     1 ||     2
  Use: Scroll            |       |     7 |     5 |    11 |    28 |    18 |     5 |    14 |    34 ||   122
       Potion            |       |     1 |     2 |     7 |     7 |     3 |     2 |     4 |    16 ||    42
 Stab: Sleeping          |     2 |     5 |     5 |    10 |    14 |     8 |    13 |     4 |     2 ||    63
       Distracted        |       |       |     1 |     5 |    23 |     9 |     7 |     6 |    25 ||    76
       Invisible         |       |       |       |       |     2 |       |       |       |       ||     2
       Confused          |       |       |       |       |       |     3 |       |       |       ||     3
  Eat: Chunk             |     5 |    12 |    13 |    38 |    45 |    22 |    29 |    21 |    39 ||   224
       Ration            |       |     1 |     2 |     7 |     4 |     5 |     1 |     1 |    18 ||    39
Armor: Robe              |     8 |    24 |   139 |    92 |       |       |       |       |       ||   263
       Leather armour    |       |       |       |   134 |    94 |       |       |       |       ||   228
       Pearl dragon scal |       |       |       |       |   354 |   800 |   614 |   401 |  1476 ||  3645
Dodge: Dodged            |    39 |    90 |   249 |   671 |   888 |  1677 |  1445 |  1189 |  5344 || 11592
Block: Other             |       |       |       |       |       |       |   217 |   277 |  1014 ||  1508
       Reflection        |       |       |       |       |       |       |    15 |    29 |    21 ||    65

Table legend:
 A = Spawn XP
 B = Non-spawn XP
 C = Spawn XP percentage of total XP
 D = Spawn monster count
 E = Non-spawn monster count
 F = Spawn count percentage of total count
 G = Total turns spent on level
                    A         B        C        D         E        F      G
               +---------+---------+-------+---------+---------+-------+---------
         Total |   53328 | 1963768 |   2.6 |     110 |    3068 |   3.5 | 92471
               +---------+---------+-------+---------+---------+-------+---------
           D:1 |       0 |      30 |   0.0 |       0 |      16 |   0.0 |  1771
           D:2 |       0 |     102 |   0.0 |       0 |      24 |   0.0 |   965
           D:3 |       0 |      10 |   0.0 |       0 |       6 |   0.0 |   589
           D:4 |       0 |     520 |   0.0 |       0 |      27 |   0.0 |  1831
           D:5 |       0 |     197 |   0.0 |       0 |      14 |   0.0 |  1034
           D:6 |       0 |     801 |   0.0 |       0 |      19 |   0.0 |  1444
           D:7 |       0 |     775 |   0.0 |       0 |      11 |   0.0 |  1154
           D:8 |       0 |    1979 |   0.0 |       0 |      22 |   0.0 |  2107
           D:9 |       0 |    4385 |   0.0 |       0 |      48 |   0.0 |  2354
          D:10 |       0 |    7171 |   0.0 |       0 |      65 |   0.0 |  2517
          D:11 |       0 |    5233 |   0.0 |       0 |      25 |   0.0 |  2575
          D:12 |       0 |    6585 |   0.0 |       0 |      30 |   0.0 |  1845
          D:13 |       0 |   33585 |   0.0 |       0 |      90 |   0.0 |  2219
          D:14 |       0 |   13299 |   0.0 |       0 |      38 |   0.0 |  1417
          D:15 |       0 |   18158 |   0.0 |       0 |      40 |   0.0 |  1391
        Lair:1 |       0 |    4146 |   0.0 |       0 |      14 |   0.0 |  2015
        Lair:2 |       0 |   10062 |   0.0 |       0 |      49 |   0.0 |  2423
        Lair:3 |       0 |    5732 |   0.0 |       0 |      18 |   0.0 |  1895
        Lair:4 |       0 |    4161 |   0.0 |       0 |      30 |   0.0 |  2478
        Lair:5 |       0 |   12958 |   0.0 |       0 |      33 |   0.0 |  1683
        Lair:6 |       0 |   25036 |   0.0 |       0 |      73 |   0.0 |  2680
       Swamp:1 |       0 |   11206 |   0.0 |       0 |      35 |   0.0 |   773
       Swamp:2 |       0 |    8181 |   0.0 |       0 |      17 |   0.0 |   719
       Swamp:3 |       0 |   15592 |   0.0 |       0 |      42 |   0.0 |   813
       Swamp:4 |       0 |   36321 |   0.0 |       0 |      81 |   0.0 |  1632
       Snake:1 |       0 |   22794 |   0.0 |       0 |      53 |   0.0 |   954
       Snake:2 |       0 |   22179 |   0.0 |       0 |      38 |   0.0 |   976
       Snake:3 |       0 |   28757 |   0.0 |       0 |      52 |   0.0 |  1428
       Snake:4 |       0 |   65644 |   0.0 |       0 |      89 |   0.0 |  2427
       Slime:1 |       0 |   11141 |   0.0 |       0 |      19 |   0.0 |   158
       Slime:2 |       0 |    4129 |   0.0 |       0 |       6 |   0.0 |    34
       Slime:3 |       0 |    6017 |   0.0 |       0 |      12 |   0.0 |    82
       Slime:4 |       0 |    7331 |   0.0 |       0 |      13 |   0.0 |   756
       Slime:5 |       0 |   36998 |   0.0 |       0 |      19 |   0.0 |   582
         Orc:1 |       0 |    4690 |   0.0 |       0 |      43 |   0.0 |  2172
         Orc:2 |       0 |   12011 |   0.0 |       0 |      87 |   0.0 |  2524
         Elf:1 |       0 |   35420 |   0.0 |       0 |      54 |   0.0 |  1469
         Elf:2 |       0 |   45449 |   0.0 |       0 |      68 |   0.0 |  1760
         Elf:3 |     434 |   63428 |   0.7 |       1 |      74 |   1.3 |  2230
      Vaults:1 |       0 |   21122 |   0.0 |       0 |      33 |   0.0 |  1332
      Vaults:2 |       0 |   47351 |   0.0 |       0 |      86 |   0.0 |  1907
      Vaults:3 |       0 |   49818 |   0.0 |       0 |      70 |   0.0 |  1328
      Vaults:4 |       0 |   94849 |   0.0 |       0 |     115 |   0.0 |  1737
      Vaults:5 |       0 |  125124 |   0.0 |       0 |      96 |   0.0 |  1692
       Crypt:1 |       0 |   34608 |   0.0 |       0 |      54 |   0.0 |   922
       Crypt:2 |       0 |   22266 |   0.0 |       0 |      33 |   0.0 |   726
       Crypt:3 |       0 |      40 |   0.0 |       0 |       1 |   0.0 |    22
      Depths:1 |       0 |   59725 |   0.0 |       0 |      89 |   0.0 |  2542
      Depths:2 |       0 |   41380 |   0.0 |       0 |      38 |   0.0 |   964
      Depths:3 |       0 |  102581 |   0.0 |       0 |     132 |   0.0 |  1947
      Depths:4 |       0 |   81737 |   0.0 |       0 |      87 |   0.0 |  1835
      Depths:5 |       0 |   75002 |   0.0 |       0 |      65 |   0.0 |  1633
          Hell |       0 |   50033 |   0.0 |       0 |      89 |   0.0 |   834
         Dis:1 |       0 |   30040 |   0.0 |       0 |      54 |   0.0 |   335
         Dis:2 |       0 |   30364 |   0.0 |       0 |      38 |   0.0 |   303
         Dis:3 |       0 |   53437 |   0.0 |       0 |      87 |   0.0 |  1149
         Dis:4 |       0 |    8819 |   0.0 |       0 |      11 |   0.0 |   273
         Dis:5 |       0 |   11670 |   0.0 |       0 |      22 |   0.0 |   225
         Dis:6 |       0 |    9736 |   0.0 |       0 |      19 |   0.0 |   142
         Dis:7 |       0 |   29156 |   0.0 |       0 |      19 |   0.0 |   218
         Zot:1 |       0 |   92167 |   0.0 |       0 |      66 |   0.0 |  2500
         Zot:2 |       0 |   56067 |   0.0 |       0 |      23 |   0.0 |   786
         Zot:3 |       0 |   56084 |   0.0 |       0 |      35 |   0.0 |  1133
         Zot:4 |       0 |   66489 |   0.0 |       0 |      35 |   0.0 |  1505
         Zot:5 |       0 |   49050 |   0.0 |       0 |      19 |   0.0 |   566
       Abyss:1 |    1598 |     643 |  71.3 |       3 |       3 |  50.0 |   134
       Abyss:2 |    2632 |   10651 |  19.8 |      14 |       6 |  70.0 |   302
       Abyss:3 |   48664 |   49908 |  49.4 |      92 |      90 |  50.5 |  1650
           Lab |       0 |    2071 |   0.0 |       0 |       8 |   0.0 |   512
         IceCv |       0 |    9567 |   0.0 |       0 |      51 |   0.0 |  1320
               +---------+---------+-------+---------+---------+-------+---------
